 Dungeon Crawl Stone Soup version 0.24-a0-458-gfcb5e6da0e (webtiles) character file.

Game seed: 16330879511409595795

131 Mrkan the Skirmisher (level 4, -10/40 HPs)
             Began as a Draconian Fighter on June 27, 2019.
             Mangled by an orc warrior
             ... wielding a +0 glaive
              (16 damage)
             ... on level 3 of the Dungeon.
             The game lasted 00:03:57 (2231 turns).

Mrkan the Skirmisher (Draconian Fighter)            Turns: 2231, Time: 00:03:58

Health: -10/40     AC:  5    Str: 18    XL:     4   Next: 91%
Magic:  4/4        EV: 10    Int:  9    God:
Gold:   116        SH:  9    Dex: 11    Spells: 3/3 levels left

rFire    . . .     SeeInvis .   a - +0 long sword
rCold    . . .     Gourm    .   b - +0 shield
rNeg     . . .     Faith    .   (armour unavailable)
rPois    .         Spirit   .   (helmet restricted)
rElec    .         Reflect  .   (no cloak)
rCorr    .         Harm     .   (no gloves)
MR       .....                  (no boots)
Stlth    +.........             (no amulet)
HPRegen  0.13/turn              (no ring)
MPRegen  0.09/turn              (no ring)

@: slowed, very slow
A: unfitting armour, cold-blooded, AC +5
a: no special abilities


You were on level 3 of the Dungeon.
You were not hungry.

You visited 1 branch of the dungeon, and saw 3 of its levels.

You collected 116 gold pieces.

Inventory:

Hand Weapons
 a - a +0 long sword (weapon)
Missiles
 g - 38 stones (quivered)
Armour
 b - a +0 shield (worn)
Scrolls
 e - a scroll of teleportation {unknown}
 f - 3 scrolls of remove curse {unknown}
 h - 4 scrolls of identify {unknown}
 j - a scroll of enchant weapon {unknown}
 l - 2 scrolls of enchant armour {unknown}
 m - a scroll of blinking {unknown}
 p - a scroll of noise {unknown}
 q - a scroll of immolation {unknown}
Potions
 c - a potion of might
 i - 2 potions of degeneration {unknown}
 k - a potion of curing {unknown}
 n - a potion of flight {unknown}
Comestibles
 d - 5 rations
 o - a chunk of flesh


   Skills:
 + Level 4.2 Fighting
 * Level 3.9 Long Blades
 - Level 2.6 Dodging
 + Level 3.8 Shields


You had 3 spell levels left.
You didn't know any spells.
Your spell library was empty.

Dungeon Overview and Level Annotations

Branches:
Dungeon (3/15)

Altars:
Ashenzari
The Shining One


Innate Abilities, Weirdness & Mutations

Your plain brown scales are hard. (AC +5)
You cannot fit into any form of body armour.
You are cold-blooded and may be slowed by cold attacks.


Message History

The ball python bites you but does no damage.
The ball python constricts you. You block the ball python's attack.
The ball python constricts you.
You hit the ball python.
You kill the ball python!
The orc warrior closely misses you. You block the kobold's attack.
You barely miss the kobold. The kobold closely misses you.
You riposte.
You slash the kobold!
You kill the kobold!
You block the orc warrior's attack.
Okay, then.
The orc wizard mumbles some strange words.
The orc wizard blinks!
The orc warrior hits you from afar with a +0 glaive!
* * * LOW HITPOINT WARNING * * *
Found 7 gold pieces.
There is a stone staircase leading down, spattered with blood here.
You see here a worm corpse.
The orc warrior hits you from afar with a +0 glaive!
You die...

.._ #. ..... #.#
.... ... ... #
#.####.# .# #......#
###.#
###......###...#####
........ooo.@......#
##.#.oo####......#
#..<#)# ....$.#
#..##.# .$....# #..
.o[ ......# %.o.
#... ......# ...##
#..$. .≈.≈... ....o
#...[.##≈≈.≈≈ ....
#.....#


You could see an orc warrior, an orc wizard and 3 orcs.

Vanquished Creatures
  Robin (D:2)
  2 adders (D:2)
  2 oozes (D:1)
  4 worms
  3 dart slugs
  2 leopard geckos
  7 bats
  4 giant cockroaches
  15 goblins
  8 hobgoblins
  2 jackals (D:2)
  A quokka (D:2)
  3 ball pythons
  3 frilled lizards
  8 kobolds
  5 rats
70 creatures vanquished.

Notes
Turn   | Place    | Note
-------+----------+-------------------------------------------
     0 | D:1      | Mrkan the Draconian Fighter began the quest for the Orb.
     0 | D:1      | Reached XP level 1. HP: 19/19 MP: 1/1
   244 | D:1      | Reached XP level 2. HP: 12/26 MP: 2/2
   409 | D:1      | Found a shattered altar of Ashenzari.
   604 | D:1      | Reached XP level 3. HP: 31/31 MP: 3/3
  1247 | D:2      | Reached XP level 4. HP: 5/40 MP: 4/4
  1761 | D:2      | Reached skill level 4 in Fighting
  1977 | D:2      | Noticed Robin
  1995 | D:2      | Killed Robin
  2014 | D:2      | Found a glowing golden altar of the Shining One.
  2211 | D:3      | Noticed an orc warrior
  2217 | D:3      | Found a shattered altar of Ashenzari.
  2231 | D:3      | Mangled by an orc warrior

Levels and vault maps discovered:
D:1:      evilmike_arrival_run_for_it, layout_basic, ashenzari_altar_1
D:2:      layout_loops_cross, lemuel_crystal_altar, st_stairs_9, uniq_robin
D:3:      minmay_angry_zag, layout_basic, nicolae_overflow_crystal_walls,
          overflow_temple_1_default, chequers_ecumenical_altar_simple,
          first_ration, cheibrodos_sewer_entry_sluice, uniq_jessica

Skill      XL: |  1  2  3  4 |
---------------+-------------+-----
Long Blades    | 3 |  3.9
Fighting       | 4 |  4.2
Dodging        | |  2.6
Shields        | |  3.8

Action                   |  1- 3 |  4- 6 || total
-------------------------+-------+-------++-------
Melee: Long sword        |   115 |   111 ||   226
       Tailslap          |    17 |    12 ||    29
 Stab: Sleeping          |     1 |     1 ||     2
  Eat: Chunk             |     1 |     4 ||     5
Armor: Skin              |    21 |    59 ||    80
Dodge: Dodged            |    35 |    47 ||    82
Block: Shield            |    56 |    66 ||   122
       Rpst.: Long sword |    16 |    17 ||    33

Table legend:
 A = Non-vault XP
 B = Vault XP
 C = Vault XP percentage of total XP
 D = Non-vault monster count
 E = Vault monster count
 F = Vault count percentage of total count
                 A         B        C        D         E       F
            +---------+---------+-------+---------+---------+-------
      Total |     130 |      58 |  30.9 |      52 |      18 |  25.7
            +---------+---------+-------+---------+---------+-------
        D:1 |      58 |       5 |   7.9 |      26 |       1 |   3.7
        D:2 |      66 |      46 |  41.1 |      23 |      15 |  39.5
        D:3 |       6 |       7 |  53.8 |       3 |       2 |  40.0
            +---------+---------+-------+---------+---------+-------
